 Dungeon Crawl Stone Soup version 0.21-a0-352-g5b8f553 (webtiles) character file.

112 Dfrag the Firebug (level 4, -1/30 HPs)
             Began as a Demonspawn Fire Elementalist on Oct 11, 2017.
             Slain by Grinder (8 damage)
             ... while paralysed by Grinder
             ... on level 3 of the Dungeon.
             The game lasted 00:03:19 (1924 turns).

Dfrag the Firebug (Demonspawn Fire Elementalist)    Turns: 1924, Time: 00:03:20

Health: -1/30      AC:  4    Str: 14    XL:     4   Next: 64%
Magic:  8/8        EV:  2    Int: 17    God:
Gold:   66         SH:  0    Dex: 13    Spells: 1/9 levels left

rFire    . . .     SeeInvis .   q - +1 short sword (flame)
rCold    . . .     Gourm    .   (no shield)
rNeg     . . .     Faith    .   a - +0 robe
rPois    .         Spirit   .   (no helmet)
rElec    .         Reflect  .   (no cloak)
rCorr    .         Harm     .   (no gloves)
MR       .....                  (no boots)
Stlth    ++........             (no amulet)
HPRegen  0.10/turn              p - +5 ring of strength
MPRegen  0.11/turn              (no ring)

@: paralysed
A: claws 1, thin metallic scales 1
a: no special abilities


You were on level 3 of the Dungeon.
You were not hungry.

You visited 1 branch of the dungeon, and saw 3 of its levels.

You collected 66 gold pieces.

Inventory:

Hand Weapons
 e - a +0 short sword
 q - a +1 short sword of flaming (weapon)
Armour
 a - a +0 robe (worn)
Jewellery
 p - a +5 ring of strength (left claw)
Wands
 n - a wand of flame (30/48)
Scrolls
 g - 3 scrolls of remove curse {unknown}
 i - a scroll of recharging {unknown}
 o - a scroll of identify {unknown}
Potions
 h - a potion of might {unknown}
 j - a potion of ambrosia {unknown}
 k - a potion of lignification {unknown}
 l - a potion of berserk rage {unknown}
Books
 b - a book of Flames

   Spells                             Type                      Level
   a - Flame Tongue                   Conjuration/Fire             1
   b - Throw Flame                    Conjuration/Fire             2
   c - Conjure Flame                  Conjuration/Fire             3
   d - Inner Flame                    Hexes/Fire                   3
   e - Sticky Flame                   Conjuration/Fire             4
   f - Fireball                       Conjuration/Fire             5
Comestibles
 c - 3 bread rations
 d - 3 meat rations
 f - 2 royal jellies


   Skills:
 - Level 1.7 Dodging
 - Level 1.7 Stealth
 + Level 3.0 Spellcasting
 + Level 2.6 Conjurations
 + Level 3.6 Fire Magic


You had one spell level left.
You knew the following spells:

 Your Spells              Type           Power        Failure   Level  Hunger
a - Flame Tongue          Conj/Fire      ##...        4%          1    None
b - Conjure Flame         Conj/Fire      ##......     14%         3    ###....
c - Sticky Flame          Conj/Fire      ##......     43%         4    ####...


Dungeon Overview and Level Annotations

Branches:
Dungeon (3/15)

Altars:

Annotations:
D:3 Grinder


Innate Abilities, Weirdness & Mutations

You have sharp fingernails.
You are partially covered in thin metallic scales. (AC +2)


Message History

Grinder shouts!
Grinder gestures at you. You resist with significant effort.
Grinder is nearby!
Grinder is nearby!
Grinder is nearby!
Grinder closely misses you.
You hit Grinder. You burn Grinder.
Grinder is lightly wounded.
Grinder gestures at you.
You suddenly lose the ability to move!
Grinder gestures at you.
You shrug off the repeated paralysis!
Grinder hits you.
You writhe in agony.
Grinder hits you! Grinder hits you.
You writhe in agony.
* * * LOW HITPOINT WARNING * * *
Grinder says, "Just stop there for a second..."
Grinder hits you!
You die...

#######.#
#.# #.#
#.# #.#
#.# #.#
#.###
#.@.#
###5# .#
.# .# ..
##


You could see Grinder.

Vanquished Creatures
  A hound (D:2)
  3 adders (D:2)
  2 worms (D:2)
  4 dart slugs
  3 leopard geckos
  A bat (D:1)
  A giant cockroach (D:1)
  3 goblins
  2 hobgoblins (D:2)
  4 jackals (D:1)
  8 kobolds
  2 quokkas (D:2)
  7 rats
41 creatures vanquished.

Notes
Turn   | Place    | Note
-------+----------+-------------------------------------------
     0 | D:1      | Dfrag the Demonspawn Fire Elementalist began the quest for the Orb.
     0 | D:1      | Reached XP level 1. HP: 13/13 MP: 3/3
    98 | D:1      | Gained mutation: You have sharp fingernails. [demonic ancestry]
    98 | D:1      | Reached XP level 2. HP: 16/19 MP: 1/5
   787 | D:2      | Gained mutation: You are partially covered in thin metallic scales. (AC +2) [demonic ancestry]
   787 | D:2      | Reached XP level 3. HP: 11/24 MP: 2/6
  1127 | D:2      | Reached XP level 4. HP: 27/30 MP: 1/8
  1437 | D:2      | HP: 1/30 [kobold/whip (1)]
  1885 | D:3      | Learned a level 3 spell: Conjure Flame
  1890 | D:3      | Learned a level 4 spell: Sticky Flame
  1916 | D:3      | Noticed Grinder
  1919 | D:3      | Paralysed by Grinder for 7 turns
  1924 | D:3      | Slain by Grinder

Vault maps used:
D:1:      minmay_arrival_four_houses
D:2:      minmay_diamond_boxcup
D:3:      marbit_many_paths, chequers_ecumenical_altar_simple, uniq_grinder

Skill      XL: |  1  2  3  4 |
---------------+-------------+-----
Fire Magic     | 3 |  3.6
Conjurations   | 2 |  2.6
Spellcasting   | 3 |  3.0
Dodging        | |  1.7
Stealth        | |  1.7

Action                   |  1- 3 |  4- 6 || total
-------------------------+-------+-------++-------
Melee: Short sword       |    39 |    18 ||    57
 Cast: Flame Tongue      |    30 |    40 ||    70
 Stab: Sleeping          |     1 |       ||     1
  Eat: Chunk             |     1 |     2 ||     3
Armor: Robe              |    15 |    18 ||    33
Dodge: Dodged            |    52 |    16 ||    68

Table legend:
 A = Spawn XP
 B = Non-spawn XP
 C = Spawn XP percentage of total XP
 D = Spawn monster count
 E = Non-spawn monster count
 F = Spawn count percentage of total count
 G = Total turns spent on level
                    A         B        C        D         E        F      G
               +---------+---------+-------+---------+---------+-------+---------
         Total |       0 |     161 |   0.0 |       0 |      41 |   0.0 |  1924
               +---------+---------+-------+---------+---------+-------+---------
           D:1 |       0 |      27 |   0.0 |       0 |      12 |   0.0 |   965
           D:2 |       0 |     134 |   0.0 |       0 |      29 |   0.0 |   915
               +---------+---------+-------+---------+---------+-------+---------
